 Dungeon Crawl Stone Soup version 0.31-a0-4-gefa6de2278 (webtiles) character file.

Game seed: 6134980006749739988

51460 lp1845 the Fighter (level 14, -12/133 HPs)
             Began as a Minotaur Berserker on May 4, 2023.
             Was a High Priest of Trog.
             Mangled by a tyrant leech (19 damage)
             ... called by a spriggan druid
             ... on level 1 of the Swamp.
             The game lasted 02:02:16 (16422 turns).

lp1845 the Fighter (Minotaur Berserker)            Turns: 16422, Time: 02:02:16

Health: -12/133    AC: 32    Str: 27    XL:     14   Next: 23%
Magic:  13/13      EV: 11    Int:  4    God:    Trog [*****.]
Gold:   1209       SH:  0    Dex: 10    Spells: 13/13 levels left

rFire   + . .        o - +2 demon trident (flame)
rCold   . . .        (no shield)
rNeg    . . .        y - +10 plate armour {ponderous}
rPois   .            (helmet restricted)
rElec   .            s - +0 cloak {Stlth+}
rCorr   .            i - +0 pair of gloves
SInv    .            k - +1 pair of boots
Will    +....        (no amulet) Stlth
                     d - ring of protection from fire
HPRegen 0.42/turn    (no ring)
MPRegen 0.13/turn

%: no passive effects
@: about to teleport, on berserk cooldown, slowed, studying Axes, very slow
A: horns 2, retaliatory headbutt
a: Renounce Religion, Berserk, Trog's Hand, Brothers in Arms


You were on level 1 of the Swamp.
You worshipped Trog.
Trog was extremely pleased with you.
You visited 3 branches of the dungeon, and saw 16 of its levels.

You collected 1313 gold pieces.
You spent 104 gold pieces at shops.

Inventory:

Hand Weapons
 a - a +5 halberd of freezing
 o - a +2 demon trident of flaming (weapon)
Missiles
 p - 2 throwing nets
 H - 4 curare-tipped darts
 I - 3 javelins
 M - 10 boomerangs (quivered)
 N - 34 poisoned darts
 O - 4 atropa-tipped darts
Armour
 i - a +0 pair of gloves (worn)
 k - a +1 pair of boots (worn)
 s - a +0 cloak of stealth (worn)
 y - a +10 plate armour of ponderousness (worn)
Jewellery
 d - a ring of protection from fire (left hand)
 R - a ring of see invisible
 S - a +6 ring of intelligence
Wands
 e - a wand of light (22)
 x - a wand of paralysis (5)
 z - a wand of flame (38)
 D - a wand of digging (7)
 G - a wand of mindburst (1)
 L - a wand of polymorph (5)
Scrolls
 c - 6 scrolls of teleportation
 f - 3 scrolls of immolation
 h - 3 scrolls of fear
 j - a scroll of poison
 r - 2 scrolls of magic mapping
 t - 11 scrolls of identify
 w - a scroll of enchant weapon
 B - 5 scrolls of fog
 C - 2 scrolls of enchant armour
 F - a scroll of silence
 P - 3 scrolls of amnesia
 Q - a scroll of vulnerability {unknown}
Potions
 b - 11 potions of curing
 g - 8 potions of heal wounds
 l - 4 potions of resistance
 m - 3 potions of mutation
 n - 4 potions of attraction
 q - 3 potions of haste
 u - 3 potions of lignification
 v - 4 potions of degeneration
 A - 2 potions of flight
 E - 3 potions of invisibility
 J - a potion of experience {unknown}
 K - a potion of cancellation


   Skills:
 + Level 14.6 Fighting
 - Level 14.0 Polearms
 - Level 6.0 Throwing
 + Level 14.5 Armour
 - Level 12.0 Dodging
 - Level 8.0 Evocations


You had 13 spell levels left.
You didn't know any spells.
Your spell library was empty.

Dungeon Overview and Level Annotations

Branches:
Dungeon (10/15)            Temple (0/1) D:4            Lair (5/5) D:10
  Swamp (1/4) Lair:2       Spider (0/4) Lair:2        Slime (0/5) Lair:4
    Orc: D:9-12

Altars:
Fedhas
Hepliaklqana
Kikubaaqudgha
Makhleb
Ru
Sif Muna
Trog
Uskayaw
Xom
Yredelemnul
Jiyva
Lugonu

Shops:
D:3 (   D:7 *   D:10 [

Portals:
Abyss: D:7

Annotations:
D:8 1 runed translucent door, KineticRobot's ghost, novice DsGl
Lair:4 1 runed translucent door


Innate Abilities, Weirdness & Mutations

You have a pair of horns on your head.
You reflexively headbutt those who attack you in melee.


Message History

The alligator tail-slaps you but does no damage.
You enter the shallow water.
Moving in this stuff is going to be slow.
You feel a strong urge to attack something.
The tyrant leech bites you but does no damage.
You completely miss the tyrant leech. You headbutt the tyrant leech!
The tyrant leech is moderately wounded.
You are no longer berserk.
You are exhausted.
You feel yourself slow down.
You feel much better. The alligator bites you! The alligator tail-slaps you.
The alligator bites you!
* * * LOW HITPOINT WARNING * * *
The alligator tail-slaps you!
* * * LOW HITPOINT WARNING * * *
The spriggan hits you but does no damage.
You feel much better.
The alligator no longer looks unusually strong.
The alligator bites you!
* * * LOW HITPOINT WARNING * * *
The alligator tail-slaps you!
* * * LOW HITPOINT WARNING * * *
The tyrant leech bites you.
* * * LOW HITPOINT WARNING * * *
The tyrant leech draws strength from your injuries!
The tyrant leech bites you but does no damage.
The spriggan splashes around in the water.
The alligator bites you but does no damage.
The alligator closely misses you.
As you read the scroll of teleportation, it crumbles to dust.
You feel strangely unstable.
The tyrant leech no longer looks unusually strong.
The alligator bites you but does no damage.
The alligator tail-slaps you.
* * * LOW HITPOINT WARNING * * *
The tyrant leech bites you.
* * * LOW HITPOINT WARNING * * *
The tyrant leech draws strength from your injuries!
The tyrant leech bites you!!
You die...

♣♣♣ ~.♣ >.~♣♣
♣♣♣♣~♣..♣.
♣♣♣~)....~~.
♣♣♣♣t..)....♣♣
♣~@wi~~.~......
♣♣♣♣wwtw~~.♣♣~....
♣♣.~~.~D~~~~♣♣
.~~~
♣~~~...§~~~~.♣ ~~~
♣...~♣...~~.♣♣ ~~
♣♣♣♣♣......♣♣ ♣
♣~.~♣♣♣♣
♣♣[..~♣♣♣♣♣
♣♣♣..~.♣~.~~♣♣


You could see 2 alligators, a swamp dragon (strong), 4 tyrant leeches and a
spriggan.

Vanquished Creatures
  The ghost of SlaveLabor the Thaumaturge, a journeyman HuIE of Sif Muna (Lair:4)
  A fire dragon (Lair:5)
  5 hydras
  A catoblepas (Lair:3)
  A ghost crab (Swamp:1)
  A two-headed ogre (D:8)
  An alligator (Swamp:1)
  11 death yaks
  A bog body (Swamp:1)
  A swamp dragon (Swamp:1)
  A lindwurm (Lair:5)
  12 elephants
  5 black mambas (Lair:5)
  3 molten gargoyles (Lair:5)
  8 cane toads
  14 komodo dragons
  2 rime drakes (Lair:5)
  2 polar bears
  A hornet (Lair:4)
  29 dream sheep
  A tyrant leech (Swamp:1)
  Grinder (D:4)
  A wraith (D:10)
  3 spriggans
  Eustachio (D:4)
  Sigmund (D:5)
  35 yaks
  4 wyverns
  8 basilisks
  2 steam dragons (D:9)
  A swamp worm (Swamp:1)
  Duvessa (D:4)
  An acid dragon (D:9)
  18 water moccasins
  Edmund (D:5)
  5 hell hounds (Lair:5)
  2 orc warriors (D:9)
  3 ice beasts (D:6)
  2 black bears
  3 ogres
  2 sky beasts
  18 wolves
  A boggart (Lair:4)
  5 centaurs
  2 phantoms
  Blork the orc (D:4)
  10 bullfrogs
  2 kobold brigands (D:7)
  2 scorpions
  A gnoll sergeant (D:10)
  12 wights
  Dowan (D:4)
  3 killer bees (D:9)
  6 electric eels (Lair:2)
  A crimson imp (D:5)
  5 lava snakes (Lair:5)
  2 hounds
  A quasit (D:6)
  Crazy Yiuf (D:2)
  2 gnoll boudas
  5 orc priests
  3 jellies
  2 sleepcaps
  Jessica (D:2)
  Terence (D:1)
  3 iguanas
  Ijyb (D:2)
  14 orc wizards
  Robin (D:2)
  13 gnolls
  8 adders
  A shadow imp (D:8)
  3 white imps (D:6)
  4 ufetubi
  A worm (D:3)
  2 dart slugs (D:1)
  31 orcs
  11 ball pythons
  4 bats (D:2)
  9 endoplasms
  3 giant cockroaches
  18 goblins
  6 hobgoblins
  16 jackals
  11 kobolds
  4 quokkas
  5 frilled lizards
  8 rats
  A butterfly (Lair:3)
463 creatures vanquished.

Vanquished Creatures (collateral kills)
  A spriggan druid (Swamp:1)
  A hornet (Swamp:1)
2 creatures vanquished.

Vanquished Creatures (others)
  A human (D:4)
  A demonic plant (D:6)
  21 fungi
  24 plants
47 creatures vanquished.

Grand Total: 512 creatures vanquished

Notes
Turn   | Place    | Note
-------+----------+-------------------------------------------
     0 | D:1      | lp1845 the Minotaur Berserker began the quest for the Orb.
     0 | D:1      | Reached XP level 1. HP: 19/19 MP: 0/0
   115 | D:1      | Reached XP level 2. HP: 23/27 MP: 1/1
   243 | D:1      | Reached ** piety under Trog
   255 | D:1      | Reached XP level 3. HP: 31/33 MP: 2/2
   771 | D:2      | Found a faded altar of an unknown god.
   851 | D:2      | Reached skill level 5 in Polearms
   990 | D:2      | Noticed Jessica
   995 | D:2      | Killed Jessica
   996 | D:2      | Reached XP level 4. HP: 29/41 MP: 3/3
  1125 | D:2      | Noticed Terence
  1173 | D:1      | Killed Terence
  1470 | D:2      | Reached XP level 5. HP: 47/47 MP: 4/4
  1606 | D:2      | Noticed Ijyb
  1628 | D:2      | Killed Ijyb
  1629 | D:2      | Reached skill level 5 in Fighting
  1708 | D:2      | Reached *** piety under Trog
  1821 | D:2      | Noticed Robin
  1843 | D:2      | Killed Robin
  1954 | D:2      | Found a runed translucent door.
  1955 | D:2      | Noticed Crazy Yiuf
  1966 | D:2      | Killed Crazy Yiuf
  2260 | D:3      | Found Ipnytyf's Antique Weapon Shoppe.
  2327 | D:3      | Reached XP level 6. HP: 52/56 MP: 5/5
  2334 | D:3      | Identified a scroll of acquirement
  2335 | D:3      | Acquired a manual of Axes
  2373 | D:3      | Found a sacrificial altar of Ru.
  2385 | D:3      | Found a basalt altar of Yredelemnul.
  2941 | D:4      | Noticed Grinder
  3048 | D:4      | Found a staircase to the Ecumenical Temple.
  3081 | D:4      | Found an ancient bone altar of Kikubaaqudgha.
  3081 | D:4      | Noticed a human
  3112 | D:4      | Reached **** piety under Trog
  3183 | D:4      | Noticed Blork the orc
  3189 | D:4      | Killed Blork the orc
  3257 | D:4      | Noticed Duvessa
  3258 | D:4      | Noticed Dowan
  3273 | D:4      | Killed Duvessa
  3274 | D:4      | Reached XP level 7. HP: 54/63 MP: 6/6
  3275 | D:4      | Killed Dowan
  3379 | D:4      | Noticed Eustachio
  3394 | D:4      | Killed Eustachio
  3395 | D:4      | Reached skill level 5 in Armour
  3420 | D:4      | Killed a human
  3646 | D:4      | Reached skill level 1 in Evocations
  3805 | D:4      | Killed Grinder
  3806 | D:4      | Reached XP level 8. HP: 53/70 MP: 7/7
  3927 | D:5      | Entered Level 5 of the Dungeon
  4069 | D:5      | Noticed Sigmund
  4139 | D:5      | Killed Sigmund
  4277 | D:5      | Acquired a +10 plate armour of ponderousness
  4345 | D:5      | Found a shimmering altar of Xom.
  4345 | D:5      | Found a burning altar of Makhleb.
  4407 | D:5      | Noticed Edmund
  4414 | D:5      | Killed Edmund
  4842 | D:6      | Found a blossoming altar of Fedhas.
  4867 | D:6      | Reached skill level 10 in Polearms
  4922 | D:6      | Reached XP level 9. HP: 71/75 MP: 8/8
  4950 | D:6      | Found a bloodstained altar of Trog.
  5027 | D:6      | Found a hide-covered altar of Uskayaw.
  5856 | D:7      | Found a hazy altar of Hepliaklqana.
  5916 | D:7      | Reached ***** piety under Trog
  6038 | D:7      | Found Bekiutz's General Store.
  6052 | D:7      | Bought a potion of heal wounds for 65 gold pieces
  6052 | D:7      | Bought a potion of curing for 39 gold pieces
  6093 | D:7      | Found a large runed translucent door.
  6315 | D:7      | Found a one-way gate to the infinite horrors of the Abyss.
  6315 | D:7      | Identified the +6 rapier "Barril" {distort, Str+2 SInv}
  6411 | D:7      | Reached XP level 10. HP: 88/88 MP: 9/9
  6453 | D:7      | Found a large runed translucent door.
  6455 | D:7      | Found a corrupted altar of Lugonu.
  6534 | D:7      | Reached skill level 10 in Armour
  7072 | D:8      | Noticed a two-headed ogre
  7084 | D:8      | Killed a two-headed ogre
  7085 | D:8      | Reached skill level 5 in Evocations
  7085 | D:8      | Reached skill level 1 in Throwing
  7102 | D:8      | Found a runed translucent door.
  7103 | D:8      | Noticed KineticRobot's ghost (novice DsGl)
  7103 | D:8      | Noticed a boulder beetle
  8067 | D:9      | Received a gift from Trog
  8086 | D:9      | Found a shimmering blue altar of Sif Muna.
  8332 | D:10     | Entered Level 10 of the Dungeon
  8466 | D:10     | Noticed a death yak
  8467 | D:10     | Noticed a death yak
  8487 | D:10     | Noticed a death yak
  8488 | D:10     | Noticed a death yak
  8500 | D:10     | Noticed a death yak
  8502 | D:10     | Killed a death yak
  8503 | D:10     | Reached XP level 11. HP: 89/97 MP: 10/10
  8507 | D:10     | Killed a death yak
  8521 | D:10     | Killed a death yak
  8713 | D:10     | Killed a death yak
  8717 | D:10     | Killed a death yak
  8718 | D:10     | Reached skill level 10 in Fighting
  9033 | D:10     | Found Etebb's Armour Emporium.
  9065 | D:10     | Found a staircase to the Lair.
  9339 | Lair:1   | Entered Level 1 of the Lair of Beasts
  9437 | Lair:1   | Found the +2 ratskin cloak {*Rats rPois rN+ Str-1 Int-1
                  | Dex+1}
  9788 | Lair:1   | Reached skill level 5 in Dodging
  9890 | Lair:1   | Identified the +1 ring mail "Alinamum" {SInv}
 10499 | Lair:2   | Reached XP level 12. HP: 112/112 MP: 11/11
 10682 | Lair:2   | Found a hole to the Spider Nest.
 10927 | Lair:2   | Found a staircase to the Swamp.
 10930 | Lair:2   | Received a gift from Trog
 11843 | Lair:3   | Reached skill level 5 in Throwing
 11864 | Lair:3   | Noticed a death yak
 11888 | Lair:3   | Killed a death yak
 11922 | Lair:3   | Noticed a catoblepas
 11941 | Lair:3   | Killed a catoblepas
 12151 | Lair:3   | Noticed a death yak
 12153 | Lair:3   | Noticed a death yak
 12158 | Lair:3   | Killed a death yak
 12169 | Lair:3   | Killed a death yak
 12760 | Lair:3   | Found a hazy altar of Hepliaklqana.
 12878 | Lair:4   | Noticed a seven-headed hydra
 12881 | Lair:4   | Noticed a four-headed hydra
 12899 | Lair:4   | Killed a four-headed hydra
 12903 | Lair:4   | Killed a seven-headed hydra
 12904 | Lair:4   | Reached XP level 13. HP: 95/118 MP: 12/12
 13017 | Lair:4   | Reached skill level 10 in Dodging
 13122 | Lair:4   | Found a runed translucent door.
 13122 | Lair:4   | Found a viscous altar of Jiyva.
 13123 | Lair:4   | Noticed an azure jelly
 13175 | Lair:4   | Received a gift from Trog
 13276 | Lair:4   | Found a staircase to the Slime Pits.
 13276 | Lair:4   | Noticed an azure jelly
 13276 | Lair:4   | Noticed an azure jelly
 13548 | Lair:4   | Found a runed translucent door.
 13551 | Lair:4   | Noticed SlaveLabor's ghost (journeyman HuIE)
 13552 | Lair:4   | Identified the +10 spear of the First People {holy, rPois
                  | rCorr Dex+3 Stlth-}
 13553 | Lair:4   | Identified the staff of cold "Dumiup" {*Corrode rElec rC+
                  | Str+6 Int+3}
 13865 | Lair:4   | Killed SlaveLabor's ghost
 14208 | Lair:5   | Entered Level 5 of the Lair of Beasts
 15321 | Lair:5   | Reached ****** piety under Trog
 15423 | Lair:5   | Reached XP level 14. HP: 128/132 MP: 13/13
 15703 | Lair:5   | Found a large runed translucent door.
 15704 | Lair:5   | Found a large runed translucent door.
 16159 | Swamp:1  | Entered Level 1 of the Swamp
 16189 | Swamp:1  | Received a gift from Trog
 16422 | Swamp:1  | Mangled by a tyrant leech

Illustrated notes

Levels and vault maps discovered:
D:1:      dpeg_arrival_rooms_a, layout_loops_ring, grunt_decor_resistance
D:2:      kennysheep_the_goblin_king, layout_rooms,
          nicolae_ecumenical_snake_handling, uniq_robin,
          uniq_crazy_yiuf_cottage, uniq_terence, uniq_jessica
D:3:      minmay_angry_zag, layout_basic, grunt_temple_overflow_open,
          serial_shops, shop
D:4:      layout_loops_cross, tgw_kikubaaqudgha, minmay_temple_entry_waves,
          kennysheep_generic_room_14, uniq_duvessa, uniq_eustachio,
          uniq_grinder, uniq_blork_the_orc
D:5:      layout_basic, grunt_temple_overflow_champion_of_chaos,
          minmay_misc_feat_x, uniq_edmund, uniq_sigmund, uniq_pikel
D:6:      layout_rooms, bloody_trog, fedhas_altar_3,
          mainiacjoe_overflow_tiny_flanked, serial_demonic, serial_demonic_a,
          serial_demonic_g, serial_demonic_f, serial_demonic_g
D:7:      due_chaos_kobolds, layout_basic, mainiacjoe_overflow_boulevard,
          serial_shops, shop_statue
D:8:      layout_loops_ring, ebering_ghost_inner_flame, serial_glass,
          glass_columns_c, glass_columns_c, glass_columns_a, glass_columns_a
D:9:      layout_rooms, kennysheep_orc_sif_temple, serial_corexii_hall,
          chequers_hall_statues_y, corexii_hall_statues_l
D:10:     layout_long_grid, dpeg_lair_monsters, serial_shops,
          nicolae_shop_crystal
Lair:1:   layout_cave_pods, grunt_megastairs_2
Lair:2:   layout_loops_ring, minmay_swamp_entry_eels,
          spider_nest_entry_web_field, serial_bayou_shore_a, grunt_megastairs_5,
          infiniplex_staircase_pool_2
Lair:3:   layout_regular_city, basic_altar, grunt_megastairs_1,
          lemuel_fruit_fields
Lair:4:   layout_cave_shapes, slime_entry_2, ebering_ghost_funeral_grove
Lair:5:   cheibrodos_lair_end_hotspot, layout_long_grid
Swamp:1:  layout_basic_swamp, evilmike_swamp_ruin_house_1,
          infiniplex_staircase_pool

Skill      XL: |  1  2  3  4  5  6  7  8  9 10 11 12 13 14 |
---------------+-------------------------------------------+-----
Polearms       | 4 5 6 8 10 12 13 14 | 14.0
Fighting       | 4 5 6 8 9 12 14 | 14.6
Armour         | 4 7 8 9 10 12 14 | 14.5
Evocations     | 2 3 5 7 8 |  8.0
Throwing       | 3 6 |  6.0
Dodging        | 6 9 11 12 | 12.0

Action                     |  1- 3 |  4- 6 |  7- 9 | 10-12 | 13-15 || total
---------------------------+-------+-------+-------+-------+-------++-------
  Melee: Spear             |    87 |   100 |       |       |       ||   187
         Headbutt          |    11 |    14 |    15 |    77 |    74 ||   191
         Trident           |       |   109 |    33 |       |       ||   142
         Halberd           |       |       |   181 |    87 |       ||   268
         Demon trident     |       |       |       |   391 |   365 ||   756
         Punch             |       |       |       |    10 |     9 ||    19
  Throw: Stone             |     3 |    13 |     7 |     7 |       ||    30
         Dart              |       |       |    32 |    20 |       ||    52
         Javelin           |       |       |       |    81 |    29 ||   110
         Boomerang         |       |       |       |       |    79 ||    79
 Invoke: Berserk           |       |     1 |     1 |       |     2 ||     4
         Trog's Hand       |       |       |     1 |       |     1 ||     2
         Brothers in Arms  |       |       |       |       |     1 ||     1
  Evoke: Wand              |       |     4 |     3 |     6 |     4 ||    17
    Use: Scroll            |       |    17 |     3 |    11 |     2 ||    33
         Potion            |       |       |       |     2 |     4 ||     6
   Stab: Sleeping          |     2 |     1 |       |       |       ||     3
         Paralysed         |       |       |       |     3 |       ||     3
 Armour: Animal skin       |    26 |     5 |       |       |       ||    31
         Ring mail         |       |    21 |       |       |       ||    21
         Chain mail        |       |    27 |    15 |       |       ||    42
         Plate armour      |       |       |   151 |   216 |   205 ||   572
  Dodge: Dodged            |    54 |    62 |    74 |   103 |   135 ||   428

Table legend: (Time is in decaauts)
 A = Elapsed time spent in this place.
 B = Non-inter-level travel time spent in this place.
 C = Inter-level travel time spent in this place.
 D = Time resting spent in this place.
 E = Time spent auto-exploring this place.
 F = Levels seen in this place.
 G = Mean time per level.
                   A        B        C        D        E       F      G
               +--------+--------+--------+--------+--------+-----+--------+
         Total |  16976 |  16307 |    669 |   2548 |  10859 |  16 | 1061.0 |
       Dungeon |   9693 |   9258 |    435 |   1184 |   6308 |  10 |  969.3 |
          Lair |   7016 |   6783 |    233 |   1266 |   4444 |   5 | 1403.2 |
         Swamp |    265 |    265 |      0 |     97 |    106 |   1 |  265.0 |
               +--------+--------+--------+--------+--------+-----+--------+

Top non-repeatable levels by time:
  Lair:5: 1878 daAuts
  Lair:2: 1485 daAuts
     D:7: 1447 daAuts
  Lair:3: 1320 daAuts
  Lair:4: 1176 daAuts
  Lair:1: 1154 daAuts
     D:1: 1084 daAuts
     D:2: 1006 daAuts
     D:5: 995 daAuts
     D:4: 949 daAuts
     D:9: 948 daAuts
    D:10: 878 daAuts
     D:3: 870 daAuts
     D:6: 757 daAuts
     D:8: 756 daAuts
